 Dungeon Crawl Stone Soup version 0.29.1-1-gd02db6906a (webtiles) character file.

Game seed: 2554801059902302395

24438 groovy9 the Fighter (level 13, -12/89 HPs)
             Began as a Gargoyle Earth Elementalist on Sept 19, 2022.
             Was an Elder of Vehumet.
             Mangled by a tyrant leech (25 damage)
             ... on level 3 of the Lair of Beasts.
             The game lasted 00:52:22 (11385 turns).

groovy9 the Fighter (Gargoyle Earth Elementalist)  Turns: 11385, Time: 00:52:23

Health: -12/89     AC: 20    Str: 13    XL:     13   Next: 13%
Magic:  30/37      EV: 11    Int: 20    God:    Vehumet [****..]
Gold:   932        SH:  0    Dex: 10    Spells: 20/34 levels left

rFire   . . .      SeeInvis .   m - +2 dagger (vamp)
rCold   + . .      Faith    .   (no shield)
rNeg    + . .      Spirit   .   e - +2 robe {rC+}
rPois   ∞          Reflect  .   d - +0 helmet
rElec   +          Harm     .   p - +0 cloak
rCorr   .          Rampage  .   E - +0 pair of gloves
Will    .....                   (no boots)
Stlth   +++.......              n - amulet of the acrobat
HPRegen 0.24/turn               f - +4 ring of protection
MPRegen 0.25/turn               c - ring of magical power

@: marked, invisible
A: sickness immunity, AC +9, negative energy resistance 1, electricity
resistance, torment resistance 1, petrification resistance
a: Renounce Religion


You were on level 3 of the Lair of Beasts.
You worshipped Vehumet.
Vehumet was greatly pleased with you.
You visited 2 branches of the dungeon, and saw 13 of its levels.
You also visited: Ossuary.

You collected 932 gold pieces.

Inventory:

Hand Weapons
 m - a +2 vampiric dagger (weapon)
Missiles
 i - 2 atropa-tipped darts
 w - 25 poisoned darts
 K - 2 throwing nets
Armour
 d - a +0 helmet (worn)
 e - a +2 robe of cold resistance (worn)
 p - a +0 cloak (worn)
 E - a +0 pair of gloves (worn)
Magical Staves
 s - a staff of air
Jewellery
 c - a ring of magical power (right hand)
 f - a +4 ring of protection (left hand)
 l - a +4 ring of protection
 n - an amulet of the acrobat (around neck)
 q - an amulet of guardian spirit
 G - a ring of see invisible
Wands
 B - a wand of polymorph (6)
 H - a wand of paralysis (3)
 J - a wand of quicksilver (6)
 L - a wand of roots (2)
Scrolls
 a - a scroll of enchant weapon
 o - 2 scrolls of magic mapping
 v - 4 scrolls of butterflies
 x - 9 scrolls of identify
 y - 2 scrolls of vulnerability
 A - a scroll of brand weapon
 D - a scroll of immolation
 F - 3 scrolls of poison
 I - a scroll of silence
Potions
 b - 3 potions of magic
 g - 2 potions of cancellation
 h - 3 potions of brilliance
 j - 7 potions of attraction
 k - 2 potions of ambrosia
 r - 6 potions of might
 t - 3 potions of curing
 u - a potion of resistance
 z - 3 potions of mutation
 M - a potion of flight {unknown}


   Skills:
 - Level 13.6 Fighting
 - Level 1.5 Dodging
 + Level 7.5 Stealth
 + Level 11.4 Spellcasting
 + Level 4.3 Conjurations
 + Level 4.6 Necromancy
 + Level 4.8 Transmutations
 - Level 10.2 Earth Magic


You had 20 spell levels left.
You knew the following spells:

 Your Spells              Type           Power      Damage    Failure   Level
a - Sandblast             Erth           100%       2d20      1%          1
b - Stone Arrow           Conj/Erth      80%        3d12      1%          3
c - Passwall              Tmut/Erth      34%        N/A       1%          2
d - Petrify               Tmut/Erth      41%        N/A       2%          4
e - Necrotise             Necr           100%       1d9       1%          1
f - Vampiric Draining     Necr           30%        2d8       2%          3

Your spell library contained the following spells:

 Spells                   Type           Power      Damage    Failure   Level
 Inner Flame              Hex/Fire       11%        N/A       5%          3
 Sting                    Tmut/Pois      84%        1d7       2%          1
 Poisonous Vapours        Pois/Air       22%        N/A       2%          2
 Conjure Flame            Conj/Fire      20%        6-21      2%          3
 Ignite Poison            Fire/Tmut/Pois 17%        N/A       2%          3
 Apportation              Tloc           22%        N/A       6%          1
 Slow                     Hex            44%        N/A       6%          1
 Summon Small Mammal      Summ           44%        N/A       6%          1
 Hailstorm                Conj/Ice       20%        3d6       7%          4
 Sticky Flame             Conj/Fire      20%        2d4       7%          4
 Iskenderun's Battlesphe  Conj           28%        2d8       8%          5
 Blink                    Tloc           22%        N/A       9%          2
 Olgreb's Toxic Radiance  Pois           11%        N/A       16%         4
 Fireball                 Conj/Fire      10%        3d6       17%         5
 Confusing Touch          Hex            11%        N/A       19%         3
 Gell's Gravitas          Tloc           11%        N/A       19%         3
 Lesser Beckoning         Tloc           11%        N/A       19%         3
 Teleport Other           Tloc           11%        N/A       19%         3
 Ice Form                 Ice/Tmut       21%        N/A       22%         4
 Alistair's Intoxication  Tmut/Pois      14%        N/A       52%         5
 Conjure Ball Lightning   Conj/Air       10%        3x3d6     65%         6
 Manifold Assault         Tloc           11%        N/A       86%         5
 Orb of Destruction       Conj           14%        9d7       88%         7
 Simulacrum               Ice/Necr       10%        N/A       98%         6
 Dispersal                Tloc           5%         N/A       100%        6
 Borgnjor's Revivificati  Necr           15%        N/A       100%        8
 Disjunction              Tloc           5%         N/A       100%        8
 Necromutation            Tmut/Necr      15%        N/A       100%        8
 Death's Door             Necr           15%        N/A       100%        9


Dungeon Overview and Level Annotations

Branches:
Dungeon (10/15)            Temple (0/1) D:7            Lair (3/5) D:8
Ossuary (visited)
  Swamp: Lair:2-3    Shoals: Lair:2-3     Snake: Lair:2-3    Spider: Lair:2-3
    Orc: D:9-12

Altars:
Ashenzari
Cheibriados
Fedhas
Nemelex Xobeh
Qazlal
Uskayaw
Vehumet
Wu Jian
Xom
Yredelemnul
Zin

Annotations:
D:10 Snorg
Lair:2 Gastronok


Innate Abilities, Weirdness & Mutations

You are immune to sickness and miasma.
Your stone body is resilient. (AC +9)
You are immune to poison.
You resist negative energy. (rN+)
You are resistant to electric shocks. (rElec)
You are resistant to unholy torment.
You are immune to petrification.


Message History

Press: ? - help, Shift-Dir - straight line, f/p - tyrant leech
Aim: a tyrant leech (severely wounded, unable to see you, chance to affect: 70%)
The tyrant leech struggles to resist.
A boulder beetle comes into view.
The swamp worm fires a harpoon shot at you.
The harpoon shot misses the tyrant leech.
The harpoon shot hits the tyrant leech!
The tyrant leech closely misses you.
The tyrant leech bites you but does no damage.
Casting: Necrotise (safe; 1% risk of failure)
Confirm with . or Enter, or press ? or * to list all spells.
Aiming: Necrotise (safe; 1% risk of failure)
Press: ? - help, Shift-Dir - straight line, f/p - tyrant leech
Aim: a tyrant leech (almost dead, unable to see you, chance to affect: 70%)
The tyrant leech struggles to resist.
A dream sheep comes into view.
The wolf pauses to sniff the ground.
Casting: Necrotise (safe; 1% risk of failure)
Confirm with . or Enter, or press ? or * to list all spells.
Aiming: Necrotise (safe; 1% risk of failure)
Press: ? - help, Shift-Dir - straight line, f/p - tyrant leech
Aim: a tyrant leech (almost dead, unable to see you, chance to affect: 70%)
The tyrant leech writhes in agony.
The tyrant leech closely misses you.
The tyrant leech bites you but does no damage.
Casting: Necrotise (safe; 1% risk of failure)
Confirm with . or Enter, or press ? or * to list all spells.
Aiming: Necrotise (safe; 1% risk of failure)
Press: ? - help, Shift-Dir - straight line, f/p - tyrant leech
Aim: a tyrant leech (almost dead, unable to see you, chance to affect: 70%)
The tyrant leech struggles to resist.
The tyrant leech bites you!
* * * LOW HITPOINT WARNING * * *
The tyrant leech bites you!
* * * LOW HITPOINT WARNING * * *
Casting: Necrotise (safe; 1% risk of failure)
Confirm with . or Enter, or press ? or * to list all spells.
Aiming: Necrotise (safe; 1% risk of failure)
Press: ? - help, Shift-Dir - straight line, f/p - tyrant leech
Aim: a tyrant leech (almost dead, unable to see you, chance to affect: 70%)
The tyrant leech writhes in agony.
The tyrant leech closely misses you. The tyrant leech bites you!!
You die...

#.?.>. ##.... #P.... w♣
#.P. #..... ≈§♣##...
#....## §§.#...
.###...YY ##♣ ♣.....#
F...§...## #.♣♣ ♣♣.P....
#F..# #####.♣♣♣♣♣.....#.
#..Y###@##P..♣.......P#.
##FYhhw#w#l...##........
###YS#wwwh...#.........
##Y..hhl.............
#.....(.............
#.P...P#............
.................†...
PPPP.P................
...P.P................


You could see 3 tyrant leeches, a black mamba (unable to see you), a swamp worm
(unable to see you), a blink frog (unable to see you), a wyvern (unable to see
you), 5 wolves and 3 dream sheep.

Vanquished Creatures
  Harold (Lair:2)
  Erica (D:9)
  2 black mambas (Lair:2)
  6 cane toads
  A kobold demonologist (D:8)
  A rime drake (Lair:3)
  5 komodo dragons
  Grinder (D:4)
  10 blink frogs (Lair:3)
  Sigmund (D:3)
  A wraith (D:9)
  3 yaks (Lair:2)
  3 wyverns (D:8)
  3 basilisks (Lair:2)
  8 water moccasins
  3 sky beasts (D:7)
  6 orc warriors
  5 black bears
  A centaur (D:8)
  An ogre (D:3)
  13 wolves
  A phantom (D:7)
  3 kobold brigands
  Blork the orc (D:5)
  8 bullfrogs
  A gnoll sergeant (D:10)
  3 scorpions
  6 wights
  14 killer bees
  5 howler monkeys
  4 hounds
  2 jellies (D:5)
  8 orc priests
  A gnoll bouda (D:5)
  2 iguanas
  7 orc wizards
  9 mummies
  Robin (D:3)
  10 adders
  8 gnolls
  A shadow imp (D:6)
  2 ufetubi (D:6)
  2 worms
  3 dart slugs
  25 orcs
  4 ball pythons
  10 endoplasms
  A giant cockroach (D:2)
  9 hobgoblins
  9 jackals
  24 kobolds
  3 quokkas
  8 bats
  A frilled lizard (D:1)
  A gnoll zombie (Ossuary)
  14 goblins
  4 hobgoblin zombies (Ossuary)
  2 kobold zombies (Ossuary)
  An orc zombie (Ossuary)
  5 rats
299 creatures vanquished.

Vanquished Creatures (others)
  A bush (D:8)
  18 fungi
  14 plants
33 creatures vanquished.

Grand Total: 332 creatures vanquished

Notes
Turn   | Place    | Note
-------+----------+-------------------------------------------
     0 | D:1      | groovy9 the Gargoyle Earth Elementalist began the quest for
                  | the Orb.
     0 | D:1      | Reached XP level 1. HP: 10/10 MP: 3/3
   167 | D:1      | Reached XP level 2. HP: 15/15 MP: 0/5
   553 | D:1      | Reached XP level 3. HP: 19/19 MP: 4/6
  2001 | D:3      | Reached XP level 4. HP: 24/24 MP: 5/8
  2005 | D:3      | Learned a level 3 spell: Stone Arrow
  2008 | D:3      | Learned a level 2 spell: Passwall
  2042 | D:3      | Found a shimmering altar of Xom.
  2075 | D:3      | Found an ornate altar of the Wu Jian Council.
  2104 | D:3      | Reached skill level 5 in Earth Magic
  2344 | D:3      | Noticed Robin
  2361 | D:3      | Killed Robin
  2502 | D:3      | Reached XP level 5. HP: 28/28 MP: 8/10
  2619 | D:3      | Noticed Sigmund
  2635 | D:3      | Killed Sigmund
  2636 | D:3      | Reached XP level 6. HP: 32/32 MP: 12/12
  3118 | D:3      | Reached skill level 1 in Fighting
  3156 | D:3      | Reached XP level 7. HP: 16/39 MP: 14/14
  3516 | D:4      | Noticed Grinder
  3690 | D:4      | Reached skill level 2 in Fighting
  3784 | D:4      | Found a radiant altar of Vehumet.
  3795 | D:4      | Became a worshipper of Vehumet
  3807 | D:4      | Paralysed by something for 2 turns
  3815 | D:4      | Killed Grinder
  3816 | D:4      | Reached skill level 3 in Fighting
  3816 | D:4      | Reached skill level 5 in Spellcasting
  3978 | D:5      | Entered Level 5 of the Dungeon
  4096 | D:5      | Found a sand-covered staircase.
  4105 | Ossuary  | Entered an ossuary
  4130 | Ossuary  | Reached XP level 8. HP: 46/46 MP: 16/16
  4408 | D:5      | Reached skill level 4 in Fighting
  4420 | D:5      | Reached * piety under Vehumet
  4420 | D:5      | Offered knowledge of Shock by Vehumet.
  4426 | D:5      | Learned a level 4 spell: Petrify
  4444 | D:5      | Noticed Blork the orc
  4449 | D:5      | Killed Blork the orc
  4573 | D:5      | Identified the +1 leather armour "Aseegosa" {Str+3}
  5008 | D:6      | Reached skill level 5 in Fighting
  5018 | D:6      | Reached skill level 13 in Fighting
  5018 | D:6      | Reached XP level 9. HP: 62/68 MP: 18/18
  5495 | D:6      | Found a hide-covered altar of Uskayaw.
  5530 | D:6      | Reached ** piety under Vehumet
  5530 | D:6      | Offered knowledge of Freeze by Vehumet.
  5777 | D:6      | Learned a level 1 spell: Necrotise
  5848 | D:7      | Reached XP level 10. HP: 74/74 MP: 19/19
  5856 | D:7      | Found a staircase to the Ecumenical Temple.
  5914 | D:7      | Reached skill level 1 in Transmutations
  6326 | D:7      | Reached skill level 1 in Necromancy
  6895 | D:8      | Offered knowledge of Dazzling Flash by Vehumet.
  7083 | D:8      | Reached *** piety under Vehumet
  7086 | D:8      | Noticed a kobold demonologist
  7116 | D:8      | Killed a kobold demonologist
  7401 | D:8      | Found a staircase to the Lair.
  7731 | D:9      | Found a broken altar of Ashenzari.
  7731 | D:9      | Found a sparkling altar of Nemelex Xobeh.
  7731 | D:9      | Noticed Erica
  7736 | D:9      | Found a basalt altar of Yredelemnul.
  7736 | D:9      | Found a snail-covered altar of Cheibriados.
  7741 | D:9      | Killed Erica
  7742 | D:9      | Reached XP level 11. HP: 57/79 MP: 12/21
  7743 | D:9      | Found a blossoming altar of Fedhas.
  7748 | D:9      | Found a glowing silver altar of Zin.
  7758 | D:9      | Reached skill level 5 in Stealth
  8048 | D:9      | Reached skill level 10 in Earth Magic
  8061 | D:9      | Offered knowledge of Mephitic Cloud by Vehumet.
  8601 | D:9      | Found a stormy altar of Qazlal.
  8638 | D:10     | Entered Level 10 of the Dungeon
  8689 | D:10     | Reached **** piety under Vehumet
  8730 | D:10     | Offered knowledge of Inner Flame by Vehumet.
  8826 | D:10     | Noticed a two-headed ogre
  8833 | D:10     | Reached skill level 10 in Spellcasting
  8833 | D:10     | Reached XP level 12. HP: 79/84 MP: 26/26
  8876 | D:10     | Identified the +8 long sword "Zakhlif" {vorpal, rC+ rN+
                  | Will+ Str-5}
  8951 | D:10     | Noticed a fire dragon
  8955 | D:10     | Noticed Snorg
  9027 | Lair:1   | Entered Level 1 of the Lair of Beasts
  9275 | Lair:1   | Reached skill level 1 in Conjurations
 10434 | Lair:2   | Noticed Harold
 10440 | Lair:2   | Killed Harold
 10650 | Lair:2   | Noticed Gastronok
 11165 | Lair:3   | Reached XP level 13. HP: 89/89 MP: 28/28
 11220 | Lair:3   | Learned a level 3 spell: Vampiric Draining
 11385 | Lair:3   | Mangled by a tyrant leech

Illustrated notes

Levels and vault maps discovered:
D:1:      co_arrival_random_square_maze, layout_rooms, minmay_pentomino_v4
D:2:      layout_rooms, serial_co_window_serial, co_window_paths_a,
          co_window_of_opportunity_a, co_window_of_opportunity_a,
          co_window_corner_a, co_window_paths_b, co_window_of_opportunity_a,
          co_window_broadway_c, co_window_corner_cb, co_window_corner_cb,
          co_window_paths_c, co_window_broadway_b, co_window_sun
D:3:      layout_loops_cross, mainiacjoe_overflow_catwalk_spiral, uniq_robin,
          uniq_sigmund
D:4:      layout_rooms, old_standard_altar, kennysheep_boxes, uniq_grinder
D:5:      layout_cave_pools, gup_ossuary_entry_pyramid, uniq_blork_the_orc
D:6:      layout_basic, mainiacjoe_overflow_concentric_impassable
D:7:      layout_basic, minmay_temple_entry_stoned_glass, reono_crystal_passage,
          minmay_puff
D:8:      layout_basic, minmay_lair_entry_grove
D:9:      layout_roguey, mainiacjoe_overflow_alcove_4,
          grunt_temple_overflow_open, uniq_erica
D:10:     dragon1_lemuel, layout_cave_pools, chequers_jeans, uniq_snorg
Lair:1:   layout_cave_shapes, grunt_megastairs_5
Lair:2:   layout_cave_pods, uniq_gastronok, uniq_harold
Lair:3:   layout_layer_cave, minmay_swamp_entry_worms,
          guppyfry_snake_entry_garden, dreamdust_mushroom_princess,
          minmay_hedge_maze, grunt_megastairs_2

Skill      XL: |  1  2  3  4  5  6  7  8  9 10 11 12 13 |
---------------+----------------------------------------+-----
Earth Magic    | 4 5 6 7 8 9 10 | 10.2
Spellcasting   | 3 4 5 6 7 10 11 | 11.4
Fighting       | 1 3 13 | 13.6
Stealth        | 4 5 7 |  7.5
Transmutations | 2 3 4 |  4.8
Necromancy     | 2 3 4 |  4.6
Conjurations   | 3 4 |  4.3
Dodging        | |  1.5

Action                   |  1- 3 |  4- 6 |  7- 9 | 10-12 | 13-15 || total
-------------------------+-------+-------+-------+-------+-------++-------
Melee: Dagger            |       |    32 |     2 |    11 |       ||    45
 Cast: Sandblast         |    50 |    47 |   141 |   297 |    42 ||   577
       Stone Arrow       |       |       |       |    34 |       ||    34
       Necrotise         |       |       |       |       |     6 ||     6
  Use: Scroll            |     8 |     3 |    11 |     5 |       ||    27
       Potion            |       |     3 |     3 |     3 |     1 ||    10
Armor: Robe              |     5 |    19 |    27 |   134 |    43 ||   228
       Skin              |       |     3 |       |       |       ||     3
Dodge: Dodged            |    10 |    38 |    47 |   131 |    83 ||   309
